 Dungeon Crawl Stone Soup version 0.22.1-1-ga44c0e5 (webtiles) character file.

964 Anon1729 the Covert (level 8, -8/56 HPs)
             Began as a Formicid Assassin on Oct 25, 2018.
             Killed from afar by Ijyb (16 damage)
             ... with a wand of acid (7)
             ... on level 4 of the Dungeon.
             The game lasted 00:07:05 (5725 turns).

Anon1729 the Covert (Formicid Assassin)             Turns: 5725, Time: 00:07:06

Health: -8/56      AC:  0    Str: 15    XL:     8   Next: 38%
Magic:  8/8        EV: 14    Int: 12    God:
Gold:   257        SH:  0    Dex: 14    Spells: 7/7 levels left

rFire    . . .     SeeInvis .   (weapon currently unavailable)
rCold    . . .     Gourm    .   (shield currently unavailable)
rNeg     . . .     Faith    .   (armour currently unavailable)
rPois    .         Spirit   .   (helmet unavailable)
rElec    .         Reflect  .   (cloak currently unavailable)
rCorr    .         Harm     .   (gloves currently unavailable)
MR       .....                  (boots currently unavailable)
Stlth    ++++......             (no amulet)
HPRegen  0.18/turn              (ring currently unavailable)
MPRegen  0.11/turn              (ring currently unavailable)

@: pig-form, very quick
A: small, permanent stasis, dig shafts and tunnels, four strong arms
a: no special abilities


You were on level 4 of the Dungeon.
You were not hungry.
You were a filthy swine.
You visited 1 branch of the dungeon, and saw 5 of its levels.

You collected 257 gold pieces.

Inventory:

Hand Weapons
 a - a +2 dagger
 b - a +0 blowgun
 t - a +1 short sword of flaming (melded)
Missiles
 e - 7 poisoned needles
 f - 2 curare-tipped needles
Armour
 c - a +0 robe (melded)
 d - a +0 cloak (melded)
 n - a cursed +1 pair of gloves (melded)
Jewellery
 j - a +6 ring of strength (melded)
 s - a ring of stealth (melded)
 x - a +4 amulet of reflection {unknown}
 A - an uncursed ring of flight {unknown}
Wands
 p - a wand of polymorph (21)
Scrolls
 h - a scroll of enchant weapon {unknown}
 m - 4 scrolls of magic mapping {unknown}
 o - 3 scrolls of enchant armour
 q - 2 scrolls of amnesia {unknown}
 r - 2 scrolls of teleportation {unknown}
 u - 4 scrolls of identify {unknown}
 v - a scroll of immolation {unknown}
 w - a scroll of random uselessness {unknown}
 y - 4 scrolls of remove curse {unknown}
Potions
 i - a potion of lignification {unknown}
 k - a potion of might {unknown}
 l - 4 potions of curing {unknown}
 z - a potion of berserk rage {unknown}
Comestibles
 g - 9 rations
 B - 4 chunks of flesh


   Skills:
 - Level 2.1 Fighting
 + Level 5.5 Short Blades
 + Level 5.5 Throwing
 - Level 1.0 Dodging
 + Level 8.4 Stealth


You had 7 spell levels left.
You didn't know any spells.
Your spell library was empty.

Dungeon Overview and Level Annotations

Branches:
Dungeon (5/15)
 Temple: D:4-7

Altars:
Cheibriados

Annotations:
D:3 1 runed door, Turgon's ghost, weakling OpHu
D:4 Ijyb


Innate Abilities, Weirdness & Mutations

You cannot be hasted, slowed, berserked, paralysed or teleported.
You can dig through walls and to a lower floor.
Your four strong arms can wield two-handed weapons with a shield.
((You have a pair of large antennae on your head. (SInv)))


Message History

Your ring of stealth melds into your body.
Your +1 short sword of flaming stops flaming.
You feel weaker. Ijyb hits you.
* * * LOW HITPOINT WARNING * * *
Unknown command.
You closely miss Ijyb.
Ijyb is severely wounded.
Ijyb misses you.
Evoke which item? (* to show all) (? for menu, Esc to quit)
Okay, then.
As you read the scroll labeled LIPTE LOYCHEJU, it crumbles to dust.
It is a scroll of enchant armour.
Your cursed +0 pair of gloves glows green for a moment.
Ijyb closely misses you.
Unknown command.
You hit Ijyb but do no damage.
Ijyb is severely wounded.
Ijyb zaps a wand.
The bolt of acid hits you!
You die...

.##..##...##.....##....#
.##.[##...##.....##....#
...........#.....#.....#
.(.........#.....#..W..#
..†(.......#.....##....#
..W.......##.....# ....#
..........##.....##
..#####...##......#
..##.# +####....h.#
....... .'....g..#
....... .#.......'.
........ ##.....##...
........ #.....# ....#
........ #.....# ...#
..#..#.. #.....' ...#
###### #.....# ..#


You could see Ijyb.

Vanquished Creatures
  Grinder (D:4)
  Menkaure (D:4)
  A phantom (D:4)
  An ogre (D:4)
  A crimson imp (D:5)
  A bullfrog zombie (D:5)
  A centaur zombie (D:3)
  A hound (D:4)
  A bullfrog skeleton (D:4)
  A centaur skeleton (D:5)
  2 orc wizards (D:4)
  2 worker ants (D:5)
  8 adders
  2 oozes (D:3)
  2 worms
  A dart slug (D:3)
  7 leopard geckos
  8 orcs
  4 bats
  6 giant cockroaches
  6 hobgoblins
  10 jackals
  A ball python (D:3)
  8 frilled lizards
  5 goblins
  5 kobolds
  9 rats
96 creatures vanquished.

Vanquished Creatures (others)
  2 withered plants (D:3)
2 creatures vanquished.

Grand Total: 98 creatures vanquished

Notes
Turn   | Place    | Note
-------+----------+-------------------------------------------
     0 | D:1      | Anon1729 the Formicid Assassin began the quest for the Orb.
     0 | D:1      | Reached XP level 1. HP: 16/16 MP: 1/1
    90 | D:1      | Reached skill level 1 in Dodging
   122 | D:1      | Reached skill level 5 in Stealth
   122 | D:1      | Reached XP level 2. HP: 16/22 MP: 2/2
   812 | D:2      | Reached XP level 3. HP: 22/27 MP: 3/3
  1726 | D:3      | Reached XP level 4. HP: 26/33 MP: 4/4
  2214 | D:3      | Reached XP level 5. HP: 37/38 MP: 5/5
  2580 | D:3      | Reached skill level 6 in Stealth
  2581 | D:3      | Found a snail-covered altar of Cheibriados.
  2657 | D:3      | Found a runed door.
  2657 | D:3      | Noticed Turgon's ghost (weakling OpHu)
  3390 | D:4      | Noticed Grinder
  3410 | D:4      | Killed Grinder
  3410 | D:4      | Reached skill level 7 in Stealth
  3410 | D:4      | Reached XP level 6. HP: 14/44 MP: 6/6
  3410 | D:4      | Reached XP level 7. HP: 16/50 MP: 7/7
  3696 | D:4      | Noticed Menkaure
  3704 | D:4      | You fall through a shaft!
  3704 | D:5      | Entered Level 5 of the Dungeon
  4926 | D:4      | Reached skill level 5 in Short Blades
  4926 | D:4      | Reached skill level 5 in Throwing
  4950 | D:4      | Reached XP level 8. HP: 46/56 MP: 8/8
  5262 | D:4      | Killed Menkaure
  5262 | D:4      | Reached skill level 8 in Stealth
  5703 | D:4      | Noticed Ijyb
  5725 | D:4      | Killed from afar by Ijyb

Skill      XL: |  1  2  3  4  5  6  7  8 |
---------------+-------------------------+-----
Dodging        | 1 |  1.0
Stealth        | 5 7 8 |  8.4
Short Blades   | 3 4 5 |  5.5
Throwing       | 3 4 5 |  5.5
Fighting       | |  2.1

Action                   |  1- 3 |  4- 6 |  7- 9 || total
-------------------------+-------+-------+-------++-------
Melee: Dagger            |    91 |   100 |    47 ||   238
       Short sword       |       |    20 |   147 ||   167
       Unarmed           |       |       |     2 ||     2
 Fire: Blowgun           |       |     9 |       ||     9
 Abil: Shaft Self        |       |       |     1 ||     1
Evoke: Wand              |       |       |     1 ||     1
  Use: Scroll            |       |       |     1 ||     1
 Stab: Sleeping          |    13 |     4 |     8 ||    25
       Distracted        |       |       |     2 ||     2
  Eat: Chunk             |     2 |     6 |     8 ||    16
Armor: Robe              |    13 |    24 |    25 ||    62
Dodge: Dodged            |    46 |    70 |    86 ||   202
